 Dungeon Sprint DCSS version 0.29-a0-356-g7bc237e783 (webtiles) character file.

Game seed: 13924208232301614335

10956 Zeldest the Basher (level 11, -2/123 HPs)
             Began as a Troll Fighter on Apr 25, 2022.
             Was the Champion of Makhleb.
             Slain by a dire elephant (22 damage)
             ... in the Dungeon (Sprint IX: "|||||||||||||||||||||||||||||").
             The game lasted 00:04:10 (434 turns).

Zeldest the Basher (Troll Fighter)                   Turns: 434, Time: 00:04:11

Health: -2/123     AC:  9    Str: 33    XL:     11   Next: 43%
Magic:  18/18      EV: 13    Int:  4    God:    Makhleb [******]
Gold:   0          SH:  0    Dex:  9    Spells: 10/10 levels left

rFire   . . .      SeeInvis .   c - +0 giant club
rCold   . . .      Faith    .   (shield currently unavailable)
rNeg    . . .      Spirit   .   e - +0 troll leather armour
rPois   .          Reflect  .   (helmet restricted)
rElec   .          Harm     .   (no cloak)
rCorr   .          Rampage  .   (gloves unavailable)
Will    .....      NoTele   +   (boots unavailable)
Stlth   +.........              (no amulet)
HPRegen 1.90/turn               n - +3 ring of strength
MPRegen 0.16/turn               o - +2 ring of protection

@: no status effects
A: large, unfitting armour, claws 3, regeneration 1, shaggy fur 1, tough skin 1
a: Renounce Religion, Minor Destruction, Lesser Servant of Makhleb, Major
Destruction, Greater Servant of Makhleb


You were in the Dungeon.
You worshipped Makhleb.
Makhleb was exalted by your worship.
You visited 1 branch

Inventory:

Hand Weapons
 a - a +0 flail
 c - a +0 giant club (weapon)
 m - a +2 morningstar of protection
Armour
 b - a +0 robe
 e - a +0 troll leather armour (worn)
Jewellery
 n - a +3 ring of strength (left claw)
 o - a +2 ring of protection (right claw)
Scrolls
 j - 2 scrolls of blinking
 k - 2 scrolls of amnesia
 l - 2 scrolls of enchant weapon
 p - a scroll of identify
 q - a scroll of fog
 r - 3 scrolls of fear
Potions
 f - 2 potions of heal wounds
 g - 2 potions of haste
 h - 4 potions of magic
 i - 5 potions of curing


   Skills:
 + Level 11.8 Fighting
 * Level 14.2 Maces & Flails
 + Level 6.0 Armour
 + Level 11.8 Dodging
 - Level 5.8 Shields
 + Level 11.2 Invocations


You had 10 spell levels left.
You didn't know any spells.
Your spell library was empty.

Dungeon Overview and Level Annotations

Branches:
Dungeon (1/1)

Altars:
Cheibriados
Dithmenos
Elyvilon
Fedhas
Gozag
Hepliaklqana
Kikubaaqudgha
Makhleb
Nemelex Xobeh
Okawaru
Qazlal
Ru
Sif Muna
Trog
Uskayaw
Vehumet
Wu Jian
Xom
Yredelemnul
Zin
The Shining One
Beogh
Jiyva
Lugonu


Innate Abilities, Weirdness & Mutations

You are too large for most types of armour.
You have claws for hands.
Your natural rate of healing is unusually fast.
You are covered in fur. (AC +1)
You have tough skin. (AC +1)


Message History

The bolt of acid hits the dire elephant!
The dire elephant is almost dead.
The bolt of acid hits the dire elephant!
The acid corrodes the dire elephant!
The dire elephant is heavily wounded.
The bolt of acid hits the dire elephant!
The acid corrodes the dire elephant!
The dire elephant is severely wounded.
The dire elephant tramples you!
You hold your ground!
The dire elephant misses you.
You hit the dire elephant but do no damage.
The dire elephant is almost dead.
You bludgeon the dire elephant!!
You kill the dire elephant!
Makhleb accepts your kill.
You feel better.
Your Maces & Flails skill increases to level 14!
Your Invocations skill increases to level 11!
You bludgeon the dire elephant!!
The dire elephant is severely wounded.
The dire elephant misses you. The dire elephant trunk-slaps you!
You hit the dire elephant but do no damage.
The dire elephant is severely wounded.
The dire elephant tramples you!!
* * * LOW HITPOINT WARNING * * *
You hold your ground!
The dire elephant barely misses you.
Aiming: Major Destruction (1% risk of failure)
Press: ? - help, Shift-Dir - straight line, f/p - dire elephant
Aim: a dire elephant (severely wounded, covered in acid)
The bolt of acid hits the dire elephant!!
The dire elephant seems to be corroded for longer.
You kill the dire elephant!
Makhleb accepts your kill.
The bolt of acid hits the dire elephant!!
The dire elephant is almost dead.
Your Armour skill increases to level 6!
You completely miss the dire elephant.
The dire elephant is almost dead.
The dire elephant tramples you!!
You die...

▓.▓.▓_▓
▓.▓.▓_▓
▓†▓.▓_▓
▓.▓.▓_▓
▓.▓.▓_▓
▓†▓.▓_▓
▓.▓.▓_▓
▓.▓.▓_▓
▓@▓.▓_▓
▓Y▓.▓_▓
▓.▓.▓_▓
▓†▓.▓_▓
▓'▓.▓'▓
▓†▓.▓.▓
▓.▓.▓.▓
▓.▓.▓)▓
▓.▓.▓.▓


You could see a dire elephant (corroded).

Vanquished Creatures
  3 dire elephants (D)
  5 hydras (D)
  A two-headed ogre (D)
  A manticore (D)
  5 elephants (D)
  A cane toad (D)
  A black mamba (D)
  A komodo dragon (D)
  2 trolls (D)
  A blink frog (D)
  A vampire (D)
  A yak (D)
  A wraith (D)
  A vampire mosquito (D)
  2 water moccasins (D)
  An orc warrior (D)
  2 black bears (D)
  A wolf (D)
  A phantom (D)
  A necrophage (D)
  6 bullfrogs (D)
  A killer bee (D)
  A jelly (D)
  A shadow imp (D)
  2 ball pythons (D)
  A giant cockroach (D)
  A goblin (D)
  A rat (D)
47 creatures vanquished.

Notes
Turn   | Place    | Note
-------+----------+-------------------------------------------
     0 | D        | Zeldest the Troll Fighter began the quest for the Orb.
     0 | D        | Reached XP level 1. HP: 22/22 MP: 0/0
    10 | D        | Reached skill level 2 in Maces & Flails
    21 | D        | Noticed a jelly
    21 | D        | Noticed a necrophage
    21 | D        | Noticed a black bear
    21 | D        | Noticed a phantom
    31 | D        | Reached XP level 2. HP: 31/31 MP: 1/1
    34 | D        | Reached skill level 3 in Maces & Flails
    34 | D        | Reached XP level 3. HP: 39/39 MP: 2/2
    47 | D        | Killed a necrophage
    48 | D        | Reached skill level 4 in Maces & Flails
    48 | D        | Reached XP level 4. HP: 37/49 MP: 3/3
    60 | D        | Killed a black bear
    61 | D        | Reached skill level 5 in Fighting
    61 | D        | Reached skill level 5 in Maces & Flails
    61 | D        | Reached skill level 5 in Dodging
    61 | D        | Reached skill level 5 in Shields
    61 | D        | Reached XP level 5. HP: 13/57 MP: 4/4
    71 | D        | Killed a phantom
    72 | D        | Reached XP level 6. HP: 8/67 MP: 5/5
    78 | D        | Found a snail-covered altar of Cheibriados.
    78 | D        | Found a shadowy altar of Dithmenos.
    78 | D        | Found a white marble altar of Elyvilon.
    78 | D        | Found a blossoming altar of Fedhas.
    78 | D        | Found an opulent altar of Gozag.
    79 | D        | Found a hazy altar of Hepliaklqana.
    80 | D        | Found a viscous altar of Jiyva.
    81 | D        | Found an ancient bone altar of Kikubaaqudgha.
    82 | D        | Found a corrupted altar of Lugonu.
    83 | D        | Found a burning altar of Makhleb.
    84 | D        | Found a sparkling altar of Nemelex Xobeh.
    85 | D        | Found an iron altar of Okawaru.
    86 | D        | Found a stormy altar of Qazlal.
    87 | D        | Found a sacrificial altar of Ru.
    88 | D        | Found a shimmering blue altar of Sif Muna.
    89 | D        | Found a bloodstained altar of Trog.
    90 | D        | Found a hide-covered altar of Uskayaw.
    91 | D        | Became a worshipper of Makhleb the Destroyer
    92 | D        | Found a radiant altar of Vehumet.
    93 | D        | Found an ornate altar of the Wu Jian Council.
    94 | D        | Found a shimmering altar of Xom.
    95 | D        | Found a basalt altar of Yredelemnul.
    96 | D        | Found a glowing silver altar of Zin.
    97 | D        | Found a glowing golden altar of the Shining One.
   123 | D        | Noticed a troll
   123 | D        | Noticed a vampire
   123 | D        | Noticed an orc warrior
   123 | D        | Noticed a two-headed ogre
   123 | D        | Noticed a yak
   128 | D        | Killed a troll
   129 | D        | Reached skill level 7 in Maces & Flails
   134 | D        | Reached XP level 7. HP: 76/76 MP: 5/8
   135 | D        | Reached * piety under Makhleb
   136 | D        | Killed a vampire
   137 | D        | Killed a two-headed ogre
   138 | D        | Reached skill level 8 in Maces & Flails
   138 | D        | Reached XP level 8. HP: 87/89 MP: 6/11
   141 | D        | Reached ** piety under Makhleb
   142 | D        | Reached skill level 9 in Maces & Flails
   158 | D        | Noticed a manticore
   158 | D        | Noticed a four-headed hydra
   158 | D        | Noticed a six-headed hydra
   158 | D        | Noticed a troll
   165 | D        | Killed a manticore
   166 | D        | Reached XP level 9. HP: 98/98 MP: 9/13
   169 | D        | Killed a four-headed hydra
   169 | D        | Reached *** piety under Makhleb
   170 | D        | Reached skill level 10 in Maces & Flails
   170 | D        | Killed a six-headed hydra
   171 | D        | Reached skill level 10 in Fighting
   171 | D        | Reached skill level 10 in Dodging
   173 | D        | Killed a troll
   301 | D        | Noticed a six-headed hydra
   301 | D        | Noticed a komodo dragon
   312 | D        | Killed a six-headed hydra
   312 | D        | Reached **** piety under Makhleb
   313 | D        | Reached skill level 11 in Maces & Flails
   313 | D        | Reached skill level 1 in Armour
   313 | D        | Reached XP level 10. HP: 60/111 MP: 14/16
   322 | D        | Noticed a cane toad
   338 | D        | Killed a cane toad
   338 | D        | Reached ***** piety under Makhleb
   358 | D        | Noticed an elephant
   358 | D        | Noticed an eight-headed hydra
   362 | D        | Reached skill level 12 in Maces & Flails
   362 | D        | Noticed a six-headed hydra
   368 | D        | Noticed a black mamba
   374 | D        | Killed an elephant
   375 | D        | Reached skill level 10 in Invocations
   375 | D        | Killed an eight-headed hydra
   375 | D        | Killed a black mamba
   375 | D        | Reached ****** piety under Makhleb
   376 | D        | Killed a six-headed hydra
   377 | D        | Reached skill level 13 in Maces & Flails
   387 | D        | Noticed an elephant
   387 | D        | Noticed an elephant
   387 | D        | Noticed an elephant
   387 | D        | Noticed an elephant
   387 | D        | Noticed a dire elephant
   387 | D        | Noticed a dire elephant
   388 | D        | Noticed a dire elephant
   393 | D        | Killed an elephant
   394 | D        | Reached XP level 11. HP: 47/120 MP: 17/17
   398 | D        | Reached skill level 5 in Armour
   398 | D        | Noticed a dire elephant
   424 | D        | Killed a dire elephant
   430 | D        | Killed a dire elephant
   431 | D        | Reached skill level 14 in Maces & Flails
   433 | D        | Killed a dire elephant
   434 | D        | Slain by a dire elephant

Illustrated notes

Levels and vault maps discovered:
D:        linesprint [early_d, line_temple, items_1, d_10, items_2, lair_1,
          lair_end, items_3, orc_1, orc_end, items_4, d_15, swamp_1, shoals_1,
          snake_1, spider_1, d_20, vaults_1, items_5, swamp_end, shoals_end,
          snake_end, spider_end, vaults_end, d_27, items_6, zot_1, zot_end,
          crypt_end, forest_end, elf_end, slime_end, tomb_end, abyss_end,
          pan_hell_end]

Skill      XL: |  1  2  3  4  5  6  7  8  9 10 11 |
---------------+----------------------------------+-----
Maces & Flails | 2 3 4 5 7 8 9 11 13 14 | 14.2
Fighting       | 3 4 5 6 8 9 10 11 | 11.8
Dodging        | 3 4 5 6 8 9 10 11 | 11.8
Shields        | 3 4 5 |  5.8
Invocations    | 3 6 7 9 10 11 | 11.2
Armour         | 1 4 6 |  6.0

Action                   |  1- 3 |  4- 6 |  7- 9 | 10-12 || total
-------------------------+-------+-------+-------+-------++-------
Melee: Flail             |    36 |    22 |       |       ||    58
       Morningstar       |       |     7 |     3 |       ||    10
       Giant club        |       |       |    13 |    53 ||    66
Invok: Minor Destruction |       |       |     4 |       ||     4
       Major Destruction |       |       |       |    13 ||    13
Evoke: Wand              |       |     2 |     8 |       ||    10
  Use: Potion            |     1 |     3 |     2 |     3 ||     9
       Scroll            |       |       |     1 |       ||     1
 Stab: Invisible         |       |     2 |       |       ||     2
       Sleeping          |       |     1 |       |       ||     1
Armor: Robe              |    13 |    20 |     4 |       ||    37
       Troll leather arm |       |       |     6 |    11 ||    17
Dodge: Dodged            |     9 |    27 |    24 |    25 ||    85
Block: Kite shield       |    13 |    18 |       |       ||    31

Table legend: (Time is in decaauts)
 A = Elapsed time spent in this place.
 B = Non-inter-level travel time spent in this place.
 C = Inter-level travel time spent in this place.
 D = Time resting spent in this place.
 E = Time spent auto-exploring this place.
 F = Levels seen in this place.
 G = Mean time per level.
                   A        B        C        D        E       F      G
               +--------+--------+--------+--------+--------+-----+--------+
         Total |    447 |    447 |      0 |      0 |      0 |   1 |  447.0 |
       Dungeon |    447 |    447 |      0 |      0 |      0 |   1 |  447.0 |
               +--------+--------+--------+--------+--------+-----+--------+

Top non-repeatable levels by time:
       D: 447 daAuts
